 Dungeon Crawl Stone Soup version 0.23.1-37-gaa34b87 (webtiles) character file.

Game seed: 6273833838772788549

46 vishdafish the Changer (level 3, -7/23 HPs)
             Began as an Octopode Transmuter on Mar 21, 2019.
             Mangled by a gnoll
             ... wielding a cursed -2 halberd
              (9 damage)
             ... on level 2 of the Dungeon.
             The game lasted 00:01:23 (858 turns).

vishdafish the Changer (Octopode Transmuter)         Turns: 858, Time: 00:01:24

Health: -7/23      AC:  1    Str: 10    XL:     3   Next: 68%
Magic:  6/6        EV: 13    Int: 15    God:
Gold:   63         SH:  0    Dex: 12    Spells: 5/6 levels left

rFire    . . .     SeeInvis .     - Unarmed
rCold    . . .     Gourm    .   (no shield)
rNeg     + . .     Faith    .   (helmet restricted)
rPois    .         Spirit   .   (no amulet)
rElec    .         Reflect  .   d - ring of positive energy
rCorr    .         Harm     .   (no ring)
MR       .....                  (no ring)
Stlth    ++........             (no ring)
HPRegen  0.07/turn              (no ring)
MPRegen  0.10/turn              (no ring)
                                (no ring)
                                (no ring)

@: appendage
A: almost no armour, stealthy swim, amphibious, 8 rings, constrict 8, tentacle
spike 3, camouflage 1, gelatinous body 1
a: End Transformation


You were on level 2 of the Dungeon.
You were not hungry.
One of your tentacles had a temporary spike.
You visited 1 branch of the dungeon, and saw 2 of its levels.

You collected 63 gold pieces.

Inventory:

Missiles
 a - 12 arrows
 g - 2 throwing nets (quivered)
Jewellery
 d - a ring of positive energy (left tentacle)
Scrolls
 b - 2 scrolls of remove curse {unknown}
 e - 2 scrolls of enchant armour {unknown}
 f - a scroll of identify {unknown}
Comestibles
 c - 3 rations


   Skills:
 - Level 1.0 Fighting
 - Level 2.0 Dodging
 - Level 3.0 Unarmed Combat
 - Level 2.0 Spellcasting
 + Level 3.9 Transmutations


You had 5 spell levels left.
You knew the following spells:

 Your Spells              Type           Power        Failure   Level  Hunger
a - Beastly Appendage     Tmut           ##....       4%          1    #......

Your spell library contained the following spells:

 Spells                   Type           Power        Failure   Level  Hunger
 Sticks to Snakes         Tmut           ##......     7%          2    ###....
 Spider Form              Tmut/Pois      #.........   30%         3    ###....
 Ice Form                 Ice/Tmut       #.......     69%         4    #####..
 Blade Hands              Tmut           ##........   77%         5    ######.


Dungeon Overview and Level Annotations

Branches:
Dungeon (2/15)

Altars:


Innate Abilities, Weirdness & Mutations

You cannot wear most types of armour.
You are very stealthy in the water. (Stealth+)
You are amphibious.
You can wear up to eight rings at the same time.
You can use your tentacles to constrict eight enemies at once.
Your skin changes colour to match your surroundings (Stealth+).
Your rubbery body absorbs attacks. (AC +1, EV +1)
One of your tentacles bears a large vicious spike.


Message History

Okay, then. 2 gnolls come into view.
The gnoll shouts!
You hear a bark!
You hear a shout!
You hear a bark!
A gnoll comes into view. It is wielding a +0 spear.
The gnoll throws a throwing net.
The throwing net hits you.
You become entangled in the net!
Found 12 poisoned needles.
You see here a throwing net.
You struggle against the net.
You struggle against the net.
The gnoll shouts!
You hear a bark!
You struggle against the net.
The gnoll shouts! x2; You hear a bark! x2; You hear an angry hiss.
The gnoll hits you from afar with a cursed -2 halberd!
Ouch! That really hurt!
* * * LOW HITPOINT WARNING * * *
You rip the net and break free!
A jackal comes into view. x2
The gnoll hits you from afar with a cursed -2 halberd!
You die...

.......# ..#.##.####.#
#####.##########.#.##.##.#.#
##.........#.......##....#.#
##.##.####.#.###.#######.#.#
..)...................##.#.#
##)##...##.#<###.####.##.#.#
........#.........# #......#
##.##...##...###..# ####.###
##)##...........@.# #.#
##.#.........##...# #.#
.........#.....gg.# #.#
..###.##.#.#.#....# #.# ..
.. #.#.#....# #.# .. ..#
..gg.< #.# .. .# .#.#..# #.#
.. ..h..h..(. .. .


You could see 4 gnolls and 2 jackals.

Vanquished Creatures
  A worm (D:2)
  5 leopard geckos (D:1)
  9 bats (D:1)
  5 goblins
  3 hobgoblins (D:1)
  4 jackals (D:1)
  3 frilled lizards (D:1)
  2 kobolds
  7 rats
39 creatures vanquished.

Notes
Turn   | Place    | Note
-------+----------+-------------------------------------------
     0 | D:1      | vishdafish the Octopode Transmuter began the quest for the
                  | Orb.
     0 | D:1      | Reached XP level 1. HP: 13/13 MP: 3/3
    64 | D:1      | Reached XP level 2. HP: 18/18 MP: 5/5
   366 | D:1      | Reached XP level 3. HP: 23/23 MP: 6/6
   858 | D:2      | Mangled by a gnoll

Skill      XL: |  1  2 |
---------------+-------+-----
Transmutations | 3 |  3.9
Fighting       | |  1.0
Dodging        | |  2.0
Unarmed Combat | |  3.0
Spellcasting   | |  2.0

Action                   || total
-------------------------++-------
Melee: Unarmed           ||    76
       Constrict         ||    21
       Tentacles         ||    13
 Cast: Beastly Appendage ||     1
 Stab: Sleeping          ||     7
Armor: Skin              ||     5
Dodge: Dodged            ||    47
